 Dungeon Crawl Stone Soup version 0.14-a0-1626-g054e7ae (webtiles) character file.

1282 M4edhros the Covert (level 8, -5/48 HPs)
             Began as an Octopode Artificer on Dec 26, 2013.
             Was a Believer of Fedhas.
             Slain by an orc warrior
             ... wielding a -1,+0 orcish flail
              (19 damage)
             ... while paralysed by a giant eyeball
             ... on Level 6 of the Dungeon.
             The game lasted 00:07:47 (4852 turns).

M4edhros the Covert (Octopode Artificer)            Turns: 4852, Time: 00:07:48

HP  -5/48        AC  8     Str 11      XL: 8   Next: 17%
MP  14/14        EV  2     Int 16      God: Fedhas [**....]
Gold 300         SH  0     Dex 12      Spells:  1 memorised,  4 levels left

rFire  + . .     SeeInvis +     h - +1,+2 short sword (protect)
rCold  . . .     Clarity  .     (no shield)
rNeg   . . .     Conserve .     a - +2 wizard hat (curse)
rPois  .         rCorr    .     (no amulet)
rElec  .         rRot     .     e - cursed +3 ring of evasion
SustAb . .       Spirit   .     j - ring of see invisible
rMut   .         Warding  .     n - ring of protection from fire
Saprov . . .     Stasis   .     (no ring)
                                (no ring)
                                (no ring)
                                (no ring)
                                (no ring)

@: paralysed, slightly resistant to hostile enchantments, extremely stealthy
A: almost no armour, amphibious, 8 rings, constrict 8, camouflage 1, gelatinous
body 1
a: Evolution, Sunlight, Renounce Religion


You were on level 6 of the Dungeon.
You worshipped Fedhas.
Fedhas was pleased with you.
You were not hungry.

You visited 1 branch of the dungeon, and saw 6 of its levels.

You collected 300 gold pieces.

Inventory:

Hand weapons
 h - a +1,+2 short sword of protection (weapon)
 s - a +0,+1 short sword of freezing
Armour
 a - a cursed +2 wizard hat (worn)
Magical devices
 b - a wand of flame (1)
 c - a wand of enslavement (15)
 d - a wand of random effects (15)
Comestibles
 f - 7 bread rations
 i - a choko
 k - a meat ration
 o - an apple
 w - a pear
Scrolls
 g - a scroll of recharging
 p - 2 scrolls of amnesia
 q - 2 scrolls of immolation
 t - 4 scrolls of remove curse
 y - a scroll of identify
Jewellery
 e - a cursed +3 ring of evasion (left tentacle)
 j - a ring of see invisible (right tentacle)
 m - an uncursed amulet of conservation {unknown}
 n - a ring of protection from fire (on tentacle)
Potions
 l - 2 potions of curing {unknown}
 u - a potion of paralysis
 v - a potion of agility
 x - a potion of heal wounds
Books
 r - a Young Poisoner's Handbook

   Spells                             Type                      Level
   Sting                              Conjuration/Poison           1
   Cure Poison                        Poison                       2
   *Mephitic Cloud                    Conjuration/Poison/Air       3
   Olgreb's Toxic Radiance            Poison                       4
   Venom Bolt                         Conjuration/Poison           5


   Skills:
 - Level 1.0 Fighting
 - Level 1.0 Short Blades
 - Level 2.0 Dodging
 + Level 10.6 Stealth
 + Level 2.0 Conjurations
 + Level 2.4 Poison Magic
 * Level 4.1 Invocations
 - Level 3.2 Evocations


You had 4 spell levels left.
You knew the following spells:

 Your Spells              Type           Power        Failure   Level  Hunger
a - Mephitic Cloud        Conj/Pois/Air  #.......     52%         3    ####...


Dungeon Overview and Level Annotations

Branches:
Dungeon (6/16)             Temple (0/1) D:6

Altars:
Fedhas
Vehumet
Zin


Innate Abilities, Weirdness & Mutations

You cannot wear most types of armour.
You are amphibious.
You can wear up to eight rings at the same time.
You can use your tentacles to constrict many enemies at once.
Your skin changes colour to match your surroundings (Stlth).
Your rubbery body absorbs attacks (AC +1).


Message History

The orc shouts!
A giant eyeball comes into view.
The orc closely misses you.
A crimson imp comes into view.
A crimson imp comes down the stairs.
An orc and an orc warrior come into view.
You hit the orc. Your grab misses the orc.
The orc is heavily wounded.
The orc hits you with an orcish falchion.
You closely miss the orc. Your grab misses the orc. You squeeze the orc.
You kill the orc!
A nearby toadstool withers and dies.
The crimson imp blinks!
A nearby toadstool withers and dies.
The giant eyeball stares at you.
You suddenly lose the ability to move!
The orc warrior hits you with an orcish flail!
Ouch! That really hurt!
* * * LOW HITPOINT WARNING * * *
The orc warrior hits you with an orcish flail!
You die...
Fedhas appreciates your contribution to the ecosystem.

#.f.f.## ####.f.#
.######.###
...........#
#.#####.#f###
.#...#.#.#.## .
.........%..# ...
######f#%#.#####..G...
...........5.@ooo.....
###.#.#.#<######.....
#......... . .
.>#.#.#.#... ..
##.###..##.### . . ...
# ####


You could see an orc warrior, a giant eyeball, a crimson imp, 2 orcs and a
friendly wandering mushroom.

Vanquished Creatures
  A komodo dragon (D:6)
  The ghost of M4edhros the Sneak, an average OpAr (D:4)
  An ogre (D:5)
  2 hounds
  A giant frog skeleton (D:4)
  3 iguanas
  An orc wizard (D:5)
  2 worker ants (D:4)
  3 gnolls (D:3)
  5 adders
  3 giant mites
  A worm (D:3)
  A giant eyeball (D:6)
  5 giant geckos
  5 orcs
  A bat skeleton (D:6)
  11 hobgoblins
  2 quokkas
  2 ball pythons (D:2)
  7 bats
  9 giant cockroaches
  3 giant newts
  10 goblins
  A hobgoblin skeleton (D:5)
  14 jackals
  15 kobolds
  An orc zombie (D:5)
  10 rats
  A rat skeleton (D:5)
122 creatures vanquished.

Vanquished Creatures (collateral kills)
  A phantom (D:5)
  A water moccasin (D:6)
  A hippogriff skeleton (D:6)
  A scorpion (D:5)
  An iguana (D:5)
  A goblin (D:5)
  A jackal (D:5)
7 creatures vanquished.

Vanquished Creatures (others)
  31 toadstools
31 creatures vanquished.

Grand Total: 160 creatures vanquished

Notes
Turn   | Place    | Note
--------------------------------------------------------------
     0 | D:1      | M4edhros, the Octopode Artificer, began the quest for the Orb.
     0 | D:1      | Reached XP level 1. HP: 13/13 MP: 1/1
   152 | D:1      | Reached XP level 2. HP: 12/18 MP: 3/3
   436 | D:1      | Reached skill level 4 in Stealth
   447 | D:1      | Reached XP level 3. HP: 19/23 MP: 4/4
   669 | D:2      | Found a radiant altar of Vehumet.
   905 | D:2      | Reached skill level 5 in Stealth
  1436 | D:2      | Reached XP level 4. HP: 17/28 MP: 6/6
  1968 | D:2      | Reached skill level 6 in Stealth
  2365 | D:3      | Found a blossoming altar of Fedhas.
  2373 | D:3      | Became a worshipper of Fedhas Madash
  2650 | D:3      | Reached XP level 5. HP: 30/33 MP: 7/7
  2653 | D:3      | Reached skill level 7 in Stealth
  2965 | D:4      | Acquired Fedhas' first power
  3082 | D:4      | Reached skill level 8 in Stealth
  3126 | D:4      | Noticed M4edhros' ghost (average OpAr)
  3295 | D:4      | Reached XP level 6. HP: 27/38 MP: 9/9
  3390 | D:4      | Killed M4edhros' ghost
  3390 | D:4      | Reached skill level 9 in Stealth
  3749 | D:4      | Reached XP level 7. HP: 41/43 MP: 10/10
  3841 | D:5      | Entered Level 5 of the Dungeon
  3842 | D:5      | Reached skill level 1 in Invocations
  3860 | D:5      | Reached skill level 10 in Stealth
  4022 | D:5      | Paralysed by a potion of paralysis for 6 turns
  4096 | D:5      | Learned a level 3 spell: Mephitic Cloud
  4317 | D:5      | Found a glowing silver altar of Zin.
  4415 | D:6      | Reached skill level 1 in Conjurations
  4415 | D:6      | Reached skill level 1 in Poison Magic
  4649 | D:6      | Found a staircase to the Ecumenical Temple.
  4677 | D:6      | Noticed a komodo dragon
  4688 | D:6      | Killed a komodo dragon
  4688 | D:6      | Reached XP level 8. HP: 48/48 MP: 11/13
  4840 | D:6      | Acquired Fedhas' second power
  4850 | D:6      | Paralysed by a giant eyeball for 4 turns
  4852 | D:6      | Slain by an orc warrior

Action                   |  1- 3 |  4- 6 |  7- 9 || total
-------------------------+-------+-------+-------++-------
Melee: Short sword       |    80 |   124 |    68 ||   272
Invok: Evolution         |       |     1 |     1 ||     2
Evoke: Wand              |       |    14 |       ||    14
  Use: Potion            |     1 |     6 |     2 ||     9
       Scroll            |       |     9 |     4 ||    13
 Stab: Sleeping          |    15 |    10 |     9 ||    34
       Distracted        |       |     1 |     1 ||     2
